 Seeded DCSS version 0.29.1-15-g9cfb28693d (webtiles) character file.

Game seed: 1 (custom seed)

57 Kazon the Trooper (level 4, -1/42 HPs)
             Began as a Naga Fighter on Feb 28, 2023.
             Slain by a gnoll
             ... wielding a +0 spear
              (5 damage)
             ... on level 2 of the Dungeon.
             The game lasted 00:07:36 (1188 turns).

Kazon the Trooper (Naga Fighter)                    Turns: 1188, Time: 00:07:37

Health: -1/42      AC:  6    Str: 19    XL:     4   Next: 0%
Magic:  4/4        EV:  7    Int:  8    God:
Gold:   180        SH:  4    Dex: 12    Spells: 3/3 levels left

rFire   . . .      SeeInvis +   e - +2 dagger (venom)
rCold   + . .      Faith    .   c - +0 buckler
rNeg    . . .      Spirit   .   m - +0 scale mail
rPois   +          Reflect  .   l - +0 helmet
rElec   .          Harm     .   (no cloak)
rCorr   .          Rampage  .   (no gloves)
Will    +....                   (no barding)
Stlth   ..........              f - amulet of the acrobat
HPRegen 0.14/turn               p - ring "Gumumn" {rC+ Will+ Int-2 Dex+2 Slay+2}
MPRegen 0.09/turn               (no ring)

@: very slow
A: AC +1, large, see invisible, deformed body, poison resistance, slowness 2,
spit poison 1, naga tail 1
a: Spit Poison


You were on level 2 of the Dungeon.
You visited 1 branch of the dungeon, and saw 2 of its levels.

You collected 180 gold pieces.

Inventory:

Hand Weapons
 a - a +0 long sword
 e - a +2 dagger of venom (weapon)
Missiles
 k - 12 stones (quivered)
 n - 3 boomerangs
Armour
 c - a +0 buckler (worn)
 l - a +0 helmet (worn)
 m - a +0 scale mail (worn)
Jewellery
 f - an amulet of the acrobat (around neck)
 p - the ring "Gumumn" (left hand) {rC+ Will+ Int-2 Dex+2 Slay+2}
   (You acquired it on level 1 of the Dungeon)

   [ring of willpower]

   Int:       It affects your intelligence (-2).
   Dex:       It affects your dexterity (+2).
   Slay:      It affects your accuracy & damage with ranged weapons and melee
   (+2).
   rC:        It protects you from cold.
   Will:      It increases your willpower.
Scrolls
 j - a scroll of identify {unknown}
 o - a scroll of immolation {unknown}
Potions
 b - a potion of berserk rage {unknown}
 d - a potion of might
 g - a potion of haste {unknown}
 h - a potion of flight {unknown}
 i - a potion of attraction {unknown}


   Skills:
 + Level 3.5 Fighting
 + Level 2.6 Long Blades
 + Level 2.8 Armour
 + Level 0.3 Dodging
 + Level 3.1 Shields


You had 3 spell levels left.
You didn't know any spells.
Your spell library contained the following spells:

 Spells                   Type           Power      Damage    Failure   Level
 Apportation              Tloc           0%         N/A       85%         1
 Necrotise                Necr           0%         1d4       85%         1
 Sting                    Tmut/Pois      0%         1d3       85%         1
 Summon Small Mammal      Summ           0%         N/A       85%         1
 Poisonous Vapours        Pois/Air       0%         N/A       94%         2
 Olgreb's Toxic Radiance  Pois           0%         N/A       100%        4


Dungeon Overview and Level Annotations

Branches:
Dungeon (2/15)

Altars:


Innate Abilities, Weirdness & Mutations

Your serpentine skin is tough. (AC +1)
You have supernaturally acute eyesight. (SInv)
Armour fits poorly on your strangely shaped body.
Your system is resistant to poisons. (rPois)
You cover ground very slowly.
You can spit poison.
You have a snake-like lower body.


Message History

The gnoll hits you from afar with a +0 spear!
You struggle against the net.
The ball python bites you but does no damage.
The goblin hits you with a +0 club.
The gnoll hits you from afar with a +0 spear.
The ball python bites you but does no damage.
You rip the net and break free!
You block the goblin's attack.
The gnoll hits you from afar with a +0 spear!
The ball python barely misses you.
You completely miss the goblin. The goblin closely misses you.
You block the ball python's attack.
The gnoll hits you from afar with a +0 spear.
* * * LOW HITPOINT WARNING * * *
Aiming: Spit Poison (2% risk of failure)
Press: ? - help, Shift-Dir - straight line, f - goblin
Aim: a goblin, wielding a +0 club (50% to hit)
The splash of poison hits the goblin.
You kill the goblin!
The ball python bites you.
* * * LOW HITPOINT WARNING * * *
The gnoll barely misses you.
You have reached level 4!
You feel stronger.
You can't do that yet.
The ball python bites you but does no damage.
The gnoll misses you. The ball python completely misses you.
You hit the gnoll.
The gnoll is poisoned.
The gnoll is lightly wounded.
The gnoll closely misses you. The ball python barely misses you.
Unknown command.
You can't do that yet.
Unknown command.
Unknown command.
You barely miss the gnoll.
The gnoll is moderately wounded.
You have got your breath back.
The ball python bites you.
* * * LOW HITPOINT WARNING * * *
The gnoll hits you with a +0 spear.
You die...

#######.# ##
###.# ....#>#
#.#.#.#
#.#.#.#
#...#.# #..#.#
#..#.##
#.)...#
#.@S..#
#.g...# ##
#.....# ..
......#
.#.#.#.###
.#.#.#.# .#
######.#.#.#.#
.#
#............#
.#
#.##.......#


You could see a gnoll (very poisoned) and a ball python.

Vanquished Creatures
  2 adders (D:2)
  A worm (D:2)
  7 endoplasms
  A giant cockroach (D:1)
  7 goblins
  4 hobgoblins
  2 kobolds
  A quokka (D:1)
  A ball python (D:2)
  2 bats
  2 frilled lizards (D:2)
  3 rats (D:1)
33 creatures vanquished.

Notes
Turn   | Place    | Note
-------+----------+-------------------------------------------
     0 | D:1      | Kazon the Naga Fighter began the quest for the Orb.
     0 | D:1      | Reached XP level 1. HP: 21/21 MP: 1/1
    46 | D:1      | Identified a scroll of acquirement
    46 | D:1      | Acquired the ring "Gumumn" {rC+ Will+ Int-2 Dex+2 Slay+2}
   132 | D:1      | Reached XP level 2. HP: 28/28 MP: 2/2
   695 | D:2      | Reached XP level 3. HP: 29/34 MP: 3/3
  1186 | D:2      | Reached XP level 4. HP: 6/42 MP: 4/4
  1188 | D:2      | Slain by a gnoll

Illustrated notes

Levels and vault maps discovered:
D:1:      dpeg_arrival_three_smaller_balls, layout_basic
D:2:      layout_loops_ring

Skill      XL: |  1  2 |
---------------+-------+-----
Shields        | 3 |  3.1
Fighting       | |  3.5
Long Blades    | |  2.6
Armour         | |  2.8
Dodging        | |  0.3

Action                   |  1- 3 |  4- 6 || total
-------------------------+-------+-------++-------
Melee: Long sword        |    56 |       ||    56
       Dagger            |     3 |     2 ||     5
Throw: Stone             |     5 |       ||     5
 Abil: Spit Poison       |    27 |       ||    27
  Use: Scroll            |     1 |       ||     1
Armor: Scale mail        |    33 |     1 ||    34
Dodge: Dodged            |    34 |     4 ||    38
Block: Buckler           |    19 |       ||    19
